 Dungeon Crawl Stone Soup version 0.23.2-33-g5129a83184 (webtiles) character file.

Game seed: 10310885940166847291

1125 funkygono the Magician (level 7, -2/52 HPs)
             Began as a Demigod Conjurer on June 28, 2019.
             Slain by a bullfrog (3 damage)
             ... on level 7 of the Dungeon.
             The game lasted 00:14:39 (6564 turns).

funkygono the Magician (Demigod Conjurer)           Turns: 6564, Time: 00:14:40

Health: -2/52      AC:  5    Str: 11    XL:     7   Next: 89%
Magic:  19/19      EV: 13    Int: 23    God:
Gold:   244        SH:  0    Dex: 16    Spells: 11/17 levels left

rFire    . . .     SeeInvis .   e - +2 mace (drain)
rCold    . . .     Gourm    .   (no shield)
rNeg     . . .     Faith    .   q - +0 leather armour
rPois    .         Spirit   .   v - +1 helmet
rElec    .         Reflect  .   (no cloak)
rCorr    +         Harm     .   (no gloves)
MR       .....     Rnd*Tele +   (no boots)
Stlth    +.........             x - amulet of rage
HPRegen  0.17/turn              s - ring of resist corrosion
MPRegen  0.16/turn              w - ring of teleportation (curse)

@: glowing
A: high mp 1
a: Evoke Berserk Rage


You were on level 7 of the Dungeon.
You were not hungry.

You visited 2 branches of the dungeon, and saw 8 of its levels.

You collected 244 gold pieces.

Inventory:

Hand Weapons
 e - a +2 mace of draining (weapon)
 g - a +2 dagger of electrocution
Missiles
 i - 141 stones (quivered)
 o - 43 arrows
Armour
 a - a +1 robe
 q - a +0 leather armour (worn)
 v - a +1 helmet (worn)
 y - a +0 large shield
Jewellery
 s - a ring of resist corrosion (left hand)
 w - a cursed ring of teleportation (right hand)
 x - an amulet of rage (around neck)
Scrolls
 f - a scroll of teleportation
 n - a scroll of remove curse
 p - 3 scrolls of fog
 t - a scroll of blinking
Potions
 b - 3 potions of cancellation
 d - a potion of lignification
 h - 2 potions of agility
 k - 2 potions of invisibility
 m - a potion of flight
 r - a potion of heal wounds
Comestibles
 c - 9 rations


   Skills:
 + Level 1.4 Fighting
 + Level 0.4 Short Blades
 + Level 0.8 Maces & Flails
 + Level 2.6 Armour
 + Level 2.7 Dodging
 + Level 2.6 Stealth
 * Level 5.8 Spellcasting
 + Level 5.5 Conjurations
 + Level 0.1 Hexes


You had 11 spell levels left.
You knew the following spells:

 Your Spells              Type           Power        Failure   Level  Hunger
a - Magic Dart            Conj           ####         1%          1    None
b - Searing Ray           Conj           ####..       1%          2    None
c - Dazzling Spray        Conj/Hex       ###...       11%         3    #......

Your spell library contained the following spells:

 Spells                   Type           Power        Failure   Level  Hunger
 Iskenderun's Mystic Bla  Conj           ####....     12%         4    ###....
 Fulminant Prism          Conj/Hex       ###.......   34%         4    ###....
 Force Lance              Conj/Tloc      ###.....     36%         4    ###....


Dungeon Overview and Level Annotations

Branches:
Dungeon (7/15)             Temple (1/1) D:4

Annotations:
D:6 Dowan, Duvessa


Innate Abilities, Weirdness & Mutations

You have an increased reservoir of magic. (+10% MP)


Message History

An orc wizard comes into view. It is wielding a +0 dagger.
The orc wizard shouts!
An orc comes into view.
The orc shouts!
You hear a shout! x2
A bullfrog comes into view.
An orc comes into view.
The orc wizard gestures at you while chanting.
The magic dart hits you.
* * * LOW HITPOINT WARNING * * *
An orc comes into view.
Found a chain mail.
Found a stone staircase leading up.
The bullfrog hits you but does no damage.
The orc wizard closely misses you. The orc completely misses you.
The bullfrog hits you!
* * * LOW HITPOINT WARNING * * *
An orc and an ogre come into view.
The ogre shouts!
The orc closely misses you.
The bullfrog swells and bulges.
The ogre misses you. The bullfrog hits you.
You die...

#. .#... #.
#.... ..
#...#####.
......... .
#..O[.### ##.)
#....oo.##....#
#..oF.......#
#..##@.......
#.o##O###..##
#.###.. . #..
##.# ##. o# .<
.# .# .# .# .#


You could see 2 ogres, a bullfrog and 4 orcs.

Vanquished Creatures
  Prince Ribbit (D:5)
  A water moccasin (D:6)
  A sky beast (D:5)
  A phantom (D:4)
  2 scorpions
  A crimson imp (D:5)
  2 hounds (D:4)
  A gnoll shaman (D:4)
  3 orc wizards
  Terence (D:2)
  2 worker ants (D:4)
  A howler monkey skeleton (D:3)
  4 gnolls (D:4)
  9 adders
  2 shadow imps
  An ooze (D:5)
  6 worms
  2 dart slugs (D:1)
  4 leopard geckos
  10 orcs
  7 giant cockroaches
  5 goblins
  5 hobgoblins
  8 jackals
  4 quokkas
  A ball python (D:1)
  8 bats
  2 frilled lizards
  12 kobolds
  A leopard gecko skeleton (D:4)
  A quokka zombie (D:5)
  6 rats
  A spectral orc (D:4)
116 creatures vanquished.

Notes
Turn   | Place    | Note
-------+----------+-------------------------------------------
     0 | D:1      | funkygono the Demigod Conjurer began the quest for the Orb.
     0 | D:1      | Reached XP level 1. HP: 14/14 MP: 5/5
   382 | D:1      | Reached XP level 2. HP: 8/20 MP: 0/7
  1008 | D:1      | Learned a level 2 spell: Searing Ray
  1233 | D:1      | Reached XP level 3. HP: 26/26 MP: 5/9
  1238 | D:1      | Learned a level 3 spell: Dazzling Spray
  1922 | D:2      | Noticed Terence
  1932 | D:2      | Killed Terence
  2300 | D:2      | Reached XP level 4. HP: 33/33 MP: 7/11
  2334 | D:2      | Found a shattered altar of Ashenzari.
  2441 | D:2      | Found a glowing golden altar of the Shining One.
  3039 | D:3      | Reached XP level 5. HP: 31/38 MP: 2/13
  4235 | D:4      | Found a staircase to the Ecumenical Temple.
  4270 | Temple   | Entered the Ecumenical Temple
  4408 | D:4      | Noticed a phantom
  4432 | D:4      | Killed a phantom
  4432 | D:4      | Reached skill level 1 in Armour
  4432 | D:4      | Reached XP level 6. HP: 33/46 MP: 1/15
  5065 | D:4      | Found a white marble altar of Elyvilon.
  5221 | D:4      | Found a basalt altar of Yredelemnul.
  5242 | D:4      | Reached skill level 5 in Conjurations
  5870 | D:5      | Entered Level 5 of the Dungeon
  5876 | D:5      | Reached XP level 7. HP: 51/51 MP: 10/17
  5939 | D:5      | Noticed Prince Ribbit
  5947 | D:5      | Killed Prince Ribbit
  5947 | D:5      | Reached skill level 5 in Spellcasting
  6181 | D:5      | Reached skill level 1 in Fighting
  6408 | D:5      | You fall through a shaft!
  6548 | D:6      | Noticed Duvessa
  6548 | D:6      | Noticed Dowan
  6562 | D:7      | HP: 1/52 [bullfrog (8)]
  6564 | D:7      | Slain by a bullfrog

Skill      XL: |  1  2  3  4  5  6  7 |
---------------+----------------------+-----
Spellcasting   | 2 3 4 5 |  5.8
Stealth        | 2 |  2.6
Conjurations   | 4 5 |  5.5
Dodging        | 2 |  2.7
Armour         | 1 2 |  2.6
Fighting       | 1 |  1.4
Short Blades   | |  0.4
Maces & Flails | |  0.8
Hexes          | |  0.1

Action                   |  1- 3 |  4- 6 |  7- 9 || total
-------------------------+-------+-------+-------++-------
Melee: Short sword       |    12 |       |       ||    12
       Dagger            |     2 |     8 |       ||    10
       Mace              |       |     7 |     3 ||    10
 Cast: Magic Dart        |    82 |   154 |    36 ||   272
       Searing Ray       |     5 |    20 |     5 ||    30
       Dazzling Spray    |       |     1 |     2 ||     3
  Use: Scroll            |     6 |    10 |     2 ||    18
       Potion            |       |       |     1 ||     1
  Eat: Chunk             |     5 |    11 |       ||    16
       Ration            |       |       |     1 ||     1
Armor: Robe              |     7 |     1 |       ||     8
       Leather armour    |       |     7 |    10 ||    17
Dodge: Dodged            |    31 |    35 |    28 ||    94
